 Dungeon Crawl Stone Soup version 0.27-a0-61-g21144fbd99 (webtiles) character file.

Game seed: 18021323392164332006

1641 jasper the Quickloader (level 9, -1/51 (53) HPs)
             Began as a Kobold Hunter on Jan 8, 2021.
             Slain by a sixfirhy (6 damage)
             ... summoned by an orc sorcerer
             ... in a bailey.
             The game lasted 00:13:34 (8126 turns).

jasper the Quickloader (Kobold Hunter)              Turns: 8126, Time: 00:13:34

HP:   -1/51 (53)    AC:  9    Str: 12    XL:     9   Next: 18%
MP:   9/9           EV: 16    Int: 12    God:
Gold: 396           SH:  5    Dex: 16    Spells: 8/8 levels left

rFire    . . .     SeeInvis .   a - +1 hand crossbow
rCold    . . .     Faith    .   (shield restricted)
rNeg     . . .     Spirit   .   p - +0 ring mail (curse)
rPois    .         Reflect  +   h - +2 hat
rElec    .         Harm     .   j - +0 cloak {Stlth+}
rCorr    .         Rampage  .   F - +0 pair of gloves
Will     .....                  (no boots)
Stlth    +++.......             g - amulet of reflection (curse)
HPRegen  0.17/turn              (no ring)
MPRegen  0.11/turn              (no ring)

@: lightly drained
A: small, nightstalker 3
a: no special abilities


You were in a bailey.
You visited 2 branches of the dungeon, and saw 8 of its levels.
You also visited: Bailey.

You collected 396 gold pieces.

Inventory:

Hand Weapons
 a - a +1 hand crossbow (weapon)
 b - a +2 short sword of speed
 e - a +0 spear
 k - a +2 short sword of freezing
Missiles
 d - 44 bolts (quivered ammo)
Armour
 c - a +0 leather armour
 h - a +2 hat (worn)
 j - a +0 cloak of stealth (worn)
 p - a cursed +0 ring mail (worn)
 t - a +0 cloak
 F - a +0 pair of gloves (worn)
Jewellery
 g - a cursed amulet of reflection (around neck)
Wands
 B - a wand of polymorph (7)
 C - a wand of enslavement (5)
Scrolls
 i - a scroll of fog {unknown}
 m - 2 scrolls of amnesia {unknown}
 n - 6 scrolls of teleportation {unknown}
 o - 3 scrolls of identify
 s - 2 scrolls of noise {unknown}
 u - 4 scrolls of remove curse {unknown}
 y - a scroll of magic mapping {unknown}
 z - 2 scrolls of enchant armour {unknown}
 D - a scroll of immolation {unknown}
Potions
 f - a potion of magic
 l - 2 potions of invisibility
 q - 2 potions of mutation {unknown}
 v - 4 potions of curing {unknown}
 w - 3 potions of ambrosia {unknown}
 x - a potion of attraction {unknown}
 A - a potion of brilliance {unknown}
 E - a potion of haste {unknown}


   Skills:
 + Level 4.9 Fighting
 - Level 4.0 Short Blades
 - Level 10.0 Crossbows
 + Level 3.0 Armour
 + Level 5.2 Dodging
 + Level 3.4 Stealth
 + Level 2.2 Evocations


You had 8 spell levels left.
You didn't know any spells.
Your spell library contained the following spells:

 Spells                   Type           Power        Failure   Level
 Confusing Touch          Hex            0%           91%         3
 Gell's Gravitas          Tloc           0%           91%         3
 Petrify                  Tmut/Erth      0%           100%        4
 Metabolic Englaciation   Hex/Ice        0%           100%        5
 Yara's Violent Unravell  Hex/Tmut       0%           100%        5


Dungeon Overview and Level Annotations

Branches:
Dungeon (7/15)             Temple (1/1) D:5          Bailey (1/1)

Altars:
Ashenzari
Cheibriados
Dithmenos
Elyvilon
Fedhas
Gozag
Hepliaklqana
Kikubaaqudgha
Makhleb
Qazlal
Ru
Trog
Uskayaw
Vehumet
Wu Jian
Yredelemnul
Zin
The Shining One

Annotations:
D:3 Blork the orc


Innate Abilities, Weirdness & Mutations

You are small and have problems with some larger weapons.
You are completely attuned to the shadows.


Message History

Okay, then.
Press: ? - help, v - describe, . - travel, g - get item
Here: a hellwing (summoned)
Items here: a +0 war axe; a +0 leather armour; an orc corpse.
The floor, spattered with blood.
Evoke which item? (* to show all) (? for menu, Esc to quit)
Okay, then.
Okay, then.
The sixfirhy hits you but does no damage.
The sixfirhy closely misses you. The sixfirhy hits you!
The sixfirhy shocks you!
* * * LOW HITPOINT WARNING * * *
The orc sorcerer mumbles some strange words.
Things that are here:
a +0 hand axe; a +0 leather armour; an orc corpse You take 18 damage, and have 5/51 hp.
MASSIVE DAMAGE!!
Things that are here:
a +0 war axe; a +0 leather armour The sixfirhy hits you.
You die...

......# ≈≈≈≈≈# 8.8.8.#
≈≈≈≈≈# ......######≈≈≈≈≈#
..#...5..#.≈≈≈≈≈≈#
.g#...§..#.≈≈≈≈≈.######
5.#####''#.≈≈≈≈≈......#
).##.....#.≈≈≈≈≈......###
5.##.....'...4).........#
..##..⌠..'(54))3@...∩..∩#
..##.....'..).Ko........#
.....#.≈≈≈≈≈......###
##++#.≈≈≈≈≈......#
#.≈≈≈≈≈.###### #.≈≈≈≈≈≈#
###≈≈≈ ≈≈≈


You could see a hellwing (summoned), a rust devil (summoned), a kobold
demonologist, a sixfirhy (summoned) and an orc sorcerer.

Vanquished Creatures
  Sigmund (D:2)
  Eustachio (D:4)
  Edmund (D:4)
  2 phantoms
  An ogre (D:4)
  2 scorpions
  A water moccasin skeleton (D:6)
  A quasit (D:6)
  A bullfrog zombie (D:6)
  4 orc priests
  Crazy Yiuf (D:4)
  3 hounds
  An iguana (D:6)
  5 orc wizards
  Natasha (D:4)
  4 worker ants
  A killer bee zombie (D:7)
  A worker ant zombie (D:5)
  2 gnolls
  8 adders
  An ufetubus (D:5)
  An ooze (D:5)
  An adder zombie (D:5)
  3 worms
  A leopard gecko (D:5)
  14 orcs
  2 ball pythons
  A giant cockroach (D:1)
  5 goblins
  7 hobgoblins
  8 jackals
  9 kobolds
  3 quokkas
  7 bats
  7 frilled lizards
  2 hobgoblin zombies (D:6)
  An orc skeleton (D:6)
  5 rats
120 creatures vanquished.

Vanquished Creatures (collateral kills)
  A goblin (Bailey)
  A hobgoblin (Bailey)
2 creatures vanquished.

Vanquished Creatures (others)
  A gnoll (Bailey)
  A hobgoblin (Bailey)
2 creatures vanquished.

Grand Total: 124 creatures vanquished

Notes
Turn   | Place    | Note
-------+----------+-------------------------------------------
     0 | D:1      | jasper the Kobold Hunter began the quest for the Orb.
     0 | D:1      | Reached XP level 1. HP: 12/12 MP: 1/1
    22 | D:1      | Reached skill level 5 in Crossbows
   236 | D:1      | Reached XP level 2. HP: 17/17 MP: 2/2
   356 | D:1      | Reached XP level 3. HP: 21/21 MP: 3/3
   485 | D:1      | Reached skill level 6 in Crossbows
  1382 | D:2      | Noticed Sigmund
  1410 | D:2      | Killed Sigmund
  1411 | D:2      | Reached skill level 8 in Crossbows
  1411 | D:2      | Reached XP level 4. HP: 21/26 MP: 4/4
  1411 | D:2      | Reached XP level 5. HP: 24/30 MP: 5/5
  1411 | D:2      | Reached XP level 6. HP: 29/35 MP: 6/6
  1590 | D:2      | Found a hazy altar of Hepliaklqana.
  3010 | D:3      | Noticed Blork the orc
  3225 | D:4      | Noticed Eustachio
  3243 | D:4      | Noticed an ogre
  3301 | D:4      | Killed an ogre
  3302 | D:4      | Reached skill level 9 in Crossbows
  3482 | D:4      | Killed Eustachio
  3483 | D:4      | Reached skill level 10 in Crossbows
  3483 | D:4      | Reached XP level 7. HP: 40/40 MP: 7/7
  3667 | D:4      | Noticed Edmund
  3685 | D:4      | Killed Edmund
  3686 | D:4      | Reached skill level 1 in Short Blades
  3949 | D:4      | Noticed an air elemental
  3949 | D:4      | Noticed a fire elemental
  3950 | D:4      | Found a stormy altar of Qazlal.
  3953 | D:4      | Noticed Natasha
  3965 | D:4      | Killed Natasha
  3966 | D:4      | Reached skill level 1 in Armour
  4021 | D:4      | Noticed a water elemental
  4046 | D:4      | Reached XP level 8. HP: 33/46 MP: 8/8
  4917 | D:4      | Found a runed translucent door.
  4920 | D:4      | Noticed Crazy Yiuf
  4930 | D:4      | Killed Crazy Yiuf
  5200 | D:5      | Entered Level 5 of the Dungeon
  5802 | D:5      | Found a staircase to the Ecumenical Temple.
  5811 | Temple   | Entered the Ecumenical Temple
  6149 | D:5      | Found a snail-covered altar of Cheibriados.
  6176 | D:5      | Found a stormy altar of Qazlal.
  6179 | D:5      | Found a basalt altar of Yredelemnul.
  7005 | D:6      | Found a glowing golden altar of the Shining One.
  7137 | D:6      | Reached skill level 1 in Evocations
  7346 | D:6      | Reached XP level 9. HP: 50/52 MP: 9/9
  7369 | D:6      | Reached skill level 5 in Dodging
  7752 | D:6      | Found a broken altar of Ashenzari.
  7815 | D:6      | Found a sacrificial altar of Ru.
  7913 | D:7      | Found a hide-covered altar of Uskayaw.
  7991 | D:7      | Found a flagged portal.
  7997 | Bailey   | Entered a bailey
  8086 | Bailey   | Found an iron altar of Okawaru.
  8086 | Bailey   | Noticed a kobold demonologist
  8086 | Bailey   | Noticed an orc sorcerer
  8088 | Bailey   | Noticed a sun demon
  8119 | Bailey   | Noticed a hellwing
  8122 | Bailey   | Noticed a sixfirhy
  8124 | Bailey   | Noticed a rust devil
  8126 | Bailey   | Slain by a sixfirhy

Illustrated notes

Levels and vault maps discovered:
D:1:      minmay_arrival_five_plusses, layout_basic, kennysheep_minor_cross
D:2:      minmay_chambers_of_ones, layout_loops_cross,
          overflow_temple_1_default, minmay_strange_pillars,
          small_statue_intersection, uniq_sigmund
D:3:      layout_loops_ring, tgw_sif, kennysheep_generic_room_9
D:4:      layout_basic, nicolae_qazlal_style_of_elements, uniq_edmund,
          uniq_eustachio, uniq_crazy_yiuf_cottage, uniq_natasha
D:5:      layout_layer_cave, cheibriados_altar_2, minitemple,
          minmay_temple_entry_junction_2, minmay_misc_feat_secret_circle,
          kennysheep_nub
D:6:      layout_loops_ring, nicolae_ru_path_of_blood, general_overflow_altar,
          nicolae_tso_besieged_by_evil
D:7:      layout_basic, eat_drink_and_be_merry_uskayaw, enter_bailey_2,
          hangedman_decor_points, chequers_serial_rivers_micro_e
Temple:   chequers_temple_sunken
Bailey:   bailey_axe_of_yendor_kennysheep, bailey

Skill      XL: |  1  2  3  4  5  6  7  8  9 |
---------------+----------------------------+-----
Crossbows      | 5 8 10 | 10.0
Short Blades   | 2 4 |  4.0
Dodging        | 3 4 5 |  5.2
Armour         | 1 2 3 |  3.0
Fighting       | 3 4 |  4.9
Stealth        | 2 3 |  3.4
Evocations     | 1 2 |  2.2

Action                   |  1- 3 |  4- 6 |  7- 9 || total
-------------------------+-------+-------+-------++-------
Melee: Short sword       |    60 |   114 |   377 ||   551
 Fire: Hand crossbow     |    16 |    14 |    31 ||    61
Evoke: Wand              |       |     1 |    11 ||    12
  Use: Potion            |     2 |     2 |     3 ||     7
       Scroll            |     2 |       |       ||     2
 Stab: Sleeping          |     4 |    10 |     8 ||    22
Armor: Leather armour    |    12 |       |       ||    12
       Skin              |       |    30 |       ||    30
       Ring mail         |       |    27 |    68 ||    95
Dodge: Dodged            |    41 |    73 |   194 ||   308
Block: Other             |       |    38 |    63 ||   101

Table legend: (Time is in decaauts)
 A = Elapsed time spent in this place.
 B = Non-inter-level travel time spent in this place.
 C = Inter-level travel time spent in this place.
 D = Time resting spent in this place.
 E = Time spent auto-exploring this place.
 F = Levels seen in this place.
 G = Mean time per level.
                   A        B        C        D        E       F      G
               +--------+--------+--------+--------+--------+-----+--------+
         Total |   7988 |   7801 |    187 |    425 |   6279 |   9 |  887.6 |
       Dungeon |   7603 |   7428 |    175 |    425 |   5981 |   7 | 1086.1 |
        Temple |    272 |    260 |     12 |      0 |    257 |   1 |  272.0 |
        Bailey |    112 |    112 |      0 |      0 |     40 |   1 |  112.0 |
               +--------+--------+--------+--------+--------+-----+--------+

Top non-repeatable levels by time:
     D:4: 1978 daAuts
     D:5: 1483 daAuts
     D:1: 1307 daAuts
     D:3: 971 daAuts
     D:6: 886 daAuts
     D:2: 868 daAuts
  Temple: 272 daAuts
  Bailey: 112 daAuts
     D:7: 109 daAuts
